 Dungeon Crawl Stone Soup version 0.28-a0-1518-gbe868bca14 (webtiles) character file.

Game seed: 2520299667024949014

7131 bande the Cleaver (level 11, -6/68 HPs)
             Began as a Gargoyle Fighter on Jan 17, 2022.
             Was an Elder of Okawaru.
             Mangled by a black mamba (12 damage)
             ... on level 2 of the Lair of Beasts.
             The game lasted 00:16:06 (11130 turns).

bande the Cleaver (Gargoyle Fighter)               Turns: 11130, Time: 00:16:06

Health: -6/68      AC: 30    Str: 21    XL:     11   Next: 10%
Magic:  23/23      EV:  6    Int:  8    God:    Okawaru [****..]
Gold:   494        SH:  0    Dex: 13    Spells: 10/10 levels left

rFire   . . .      SeeInvis +   t - +2 war axe (vorpal)
rCold   . . .      Faith    .   c - +0 buckler
rNeg    + . .      Spirit   .   g - +6 plate armour "Pisonosch" {MP+9 Slay+3 Stlth+}
rPois   ∞          Reflect  .   n - +0 helmet
rElec   +          Harm     .   (no cloak)
rCorr   .          Rampage  .   (no gloves)
Will    +....                   p - +0 pair of boots
Stlth   ..........              (no amulet)
HPRegen 0.21/turn               i - ring of see invisible
MPRegen 0.18/turn               (no ring)

@: confused, ambrosia-drunk, hasted, very quick
A: sickness immunity, AC +8, negative energy resistance 1, electricity
resistance, torment resistance 1, petrification resistance, low mp 1,
strong-willed 1
a: Renounce Religion, Heroism, Finesse


You were on level 2 of the Lair of Beasts.
You worshipped Okawaru.
Okawaru was greatly pleased with you.
You visited 3 branches of the dungeon, and saw 11 of its levels.

You collected 494 gold pieces.

Inventory:

Hand Weapons
 a - a +1 war axe
 j - a +0 morningstar
 t - a +2 vorpal war axe (weapon)
Armour
 c - a +0 buckler (worn)
 g - the +6 plate armour "Pisonosch" (worn) {MP+9 Slay+3 Stlth+}
   (You acquired it on level 2 of the Dungeon)

   Slay:      It affects your accuracy & damage with ranged weapons and melee
   (+3).
   MP:        It affects your magic capacity (+9).
   Stlth:     It makes you more stealthy.
 n - a +0 helmet (worn)
 p - a +0 pair of boots (worn)
Jewellery
 i - a ring of see invisible (left hand)
 s - a ring of resist corrosion
 u - a +6 ring of intelligence
 w - a ring of ice
Scrolls
 e - 2 scrolls of fog
 l - a scroll of enchant weapon
 o - 4 scrolls of teleportation
Potions
 b - 3 potions of curing
 d - a potion of might
 f - 2 potions of haste
 h - a potion of ambrosia
 k - 2 potions of brilliance
 m - a potion of berserk rage
 q - 2 potions of mutation
 r - 2 potions of attraction {unknown}
 v - a potion of flight {unknown}
Miscellaneous
 x - a box of beasts


   Skills:
 + Level 7.8 Fighting
 + Level 10.8 Axes
 + Level 8.4 Armour
 + Level 2.0 Stealth
 + Level 5.9 Shields
 * Level 6.2 Invocations


You had 10 spell levels left.
You didn't know any spells.
Your spell library contained the following spells:

 Spells                   Type           Power      Damage    Failure   Level
 Foxfire                  Conj/Fire      0%         2x1d4     100%        1
 Slow                     Hex            0%         N/A       100%        1
 Wereblood                Tmut           0%         N/A       100%        2
 Confusing Touch          Hex            0%         N/A       100%        3
 Conjure Flame            Conj/Fire      0%         6-21      100%        3
 Inner Flame              Hex/Fire       0%         N/A       100%        3
 Portal Projectile        Hex/Tloc       0%         N/A       100%        3
 Vampiric Draining        Necr           0%         2d6       100%        3
 Airstrike                Air            0%         N/A       100%        4
 Flame Wave               Conj/Fire      0%         2d4       100%        4
 Leda's Liquefaction      Hex/Erth       0%         N/A       100%        4
 Lightning Bolt           Conj/Air       0%         1d11      100%        5
 Sublimation of Blood     Necr           Unusable   N/A       N/A         2
 Call Canine Familiar     Summ           Unusable   N/A       N/A         3
 Summon Lightning Spire   Summ/Air       Unusable   N/A       N/A         4
 Summon Hydra             Summ           Unusable   N/A       N/A         7

Dungeon Overview and Level Annotations

Branches:
Dungeon (8/15)             Temple (1/1) D:6            Lair (2/6) D:8
  Snake (0/4) Lair:2
  Swamp: Lair:2-4    Shoals: Lair:2-4

Altars:
Dithmenos
Fedhas
Gozag
Hepliaklqana
Nemelex Xobeh
Okawaru
Qazlal
Sif Muna
Trog
The Shining One

Annotations:
Lair:1 2 transporters, Thraspic's ghost, journeyman TrFi


Innate Abilities, Weirdness & Mutations

You are immune to sickness and miasma.
Your stone body is resilient. (AC +8)
You are immune to poison.
You resist negative energy. (rN+)
You are resistant to electric shocks. (rElec)
You are resistant to unholy torment.
You are immune to petrification.
Your magical capacity is low. (-10% MP)
You are strong-willed. (Will+)


Message History

You block the black mamba's attack. The black mamba bites you.
* * * LOW HITPOINT WARNING * * *
The black mamba bites you but does no damage.
You block the black mamba's attack.
The black mamba bites you but does no damage.
You block the black mamba's attack.
You slash the black mamba!
The black mamba is severely wounded.
You slash the black mamba! You miss the black mamba.
You closely miss the black mamba. You block the black mamba's attack. x2
The black mamba barely misses you.
The black mamba bites you but does no damage. x4
Unknown command.
The black mamba bites you but does no damage. x3
The black mamba bites you but does no damage.
The black mamba bites you.
* * * LOW HITPOINT WARNING * * *
The black mamba bites you but does no damage.
The black mamba completely misses you. The black mamba barely misses you.
The black mamba bites you but does no damage.
The black mamba completely misses you.
The black mamba bites you but does no damage.
The black mamba bites you!
* * * LOW HITPOINT WARNING * * *
Found 10 gold pieces.
The black mamba bites you but does no damage.
You feel better. You block the black mamba's attack. x2
The black mamba bites you but does no damage.
The black mamba bites you!
* * * LOW HITPOINT WARNING * * *
The black mamba bites you but does no damage.
You feel yourself speed up.
The black mamba bites you but does no damage. x3
You block the black mamba's attack.
The black mamba bites you but does no damage. x2
The black mamba bites you but does no damage.
The black mamba barely misses you.
You are confused.
You feel invigorated. The black mamba bites you!
You die...

......P.#.....P..#
.#.#...........#####
......<.......>......
#.#.#........†.......
......................
.#.#.##................
#.......S.##...#.......
####.#.#SSSS#...........#
..........@S#.....#.....
#.#.#.#..........#.....
..........#.....#.....
##.#.#......†...# .
#.........#..)..#
...#.#.#....#.....#
.......<....#.##.....
...#.#.#.............
..................


You could see 5 black mambas and a water moccasin.

Vanquished Creatures
  A boulder beetle (Lair:1)
  Fannar (Lair:1)
  2 cane toads (Lair:1)
  3 wyverns
  A basilisk (Lair:1)
  7 yaks
  A steam dragon (D:8)
  Menkaure (D:5)
  2 hell hounds (Lair:1)
  3 water moccasins
  A necrophage (D:4)
  2 orc warriors (D:8)
  2 black bears
  7 wolves (Lair:1)
  2 phantoms
  5 bullfrogs
  4 scorpions
  A gnoll sergeant (D:6)
  3 killer bees (D:8)
  8 wights (D:6)
  A centaur zombie (D:5)
  2 jellies
  2 centaur skeletons
  A hound (D:5)
  2 orc priests
  A gnoll shaman (D:7)
  2 bullfrog skeletons
  4 iguanas
  3 orc wizards
  A killer bee zombie (D:6)
  A hound skeleton (D:5)
  6 gnolls
  5 adders
  2 white imps (D:7)
  An ufetubus (D:6)
  An adder skeleton (D:4)
  A worm (D:2)
  24 orcs
  8 bats
  7 endoplasms
  2 giant cockroaches
  7 goblins
  7 hobgoblins
  9 jackals
  5 kobolds
  3 quokkas
  6 ball pythons
  2 frilled lizards
  5 rats
178 creatures vanquished.

Vanquished Creatures (collateral kills)
  2 orcs (D:6)
2 creatures vanquished.

Vanquished Creatures (others)
  6 fungi (Lair:1)
  4 plants
10 creatures vanquished.

Grand Total: 190 creatures vanquished

Notes
Turn   | Place    | Note
-------+----------+-------------------------------------------
     0 | D:1      | bande the Gargoyle Fighter began the quest for the Orb.
     0 | D:1      | Reached XP level 1. HP: 14/14 MP: 1/1
   379 | D:1      | Reached XP level 2. HP: 19/19 MP: 2/2
   999 | D:1      | Reached skill level 2 in Axes
  1308 | D:1      | Reached XP level 3. HP: 17/24 MP: 3/3
  1862 | D:2      | Identified a scroll of acquirement
  1862 | D:2      | Acquired the +6 plate armour "Pisonosch" {MP+9 Slay+3
                  | Stlth+}
  2329 | D:2      | Reached XP level 4. HP: 29/29 MP: 4/4
  3109 | D:3      | Reached skill level 3 in Axes
  3386 | D:3      | Identified the +1 helmet "Iduodil" {*Slow Dex+3}
  3504 | D:4      | Noticed a necrophage
  3509 | D:4      | Reached XP level 5. HP: 29/33 MP: 5/5
  3513 | D:4      | Killed a necrophage
  3514 | D:4      | Reached skill level 4 in Axes
  3514 | D:4      | Reached XP level 6. HP: 26/38 MP: 6/6
  4247 | D:5      | Entered Level 5 of the Dungeon
  4258 | D:5      | Reached skill level 5 in Axes
  4398 | D:5      | Reached XP level 7. HP: 42/44 MP: 7/7
  4557 | D:5      | Reached skill level 5 in Armour
  4698 | D:5      | Noticed Menkaure
  4706 | D:5      | Killed Menkaure
  4707 | D:5      | Reached skill level 6 in Axes
  5098 | D:5      | Reached XP level 8. HP: 44/48 MP: 8/8
  5141 | D:5      | Found a blossoming altar of Fedhas.
  5396 | D:6      | Identified the +2 trident of Inquiry {spect, rF+}
  5637 | D:6      | Reached skill level 5 in Fighting
  5861 | D:6      | Found a staircase to the Ecumenical Temple.
  5889 | D:6      | Reached skill level 7 in Axes
  6305 | D:6      | Found a sparkling altar of Nemelex Xobeh.
  6450 | Temple   | Entered the Ecumenical Temple
  6536 | Temple   | Became a worshipper of Warmaster Okawaru
  6944 | D:7      | Reached XP level 9. HP: 51/55 MP: 9/9
  7190 | D:7      | Reached skill level 1 in Invocations
  7477 | D:7      | Reached skill level 8 in Axes
  7645 | D:8      | Reached * piety under Okawaru
  7646 | D:8      | Reached skill level 5 in Shields
  7646 | D:8      | Found a stormy altar of Qazlal.
  7766 | D:8      | Found a staircase to the Lair.
  8665 | Lair:1   | Entered Level 1 of the Lair of Beasts
  8755 | Lair:1   | Reached skill level 1 in Stealth
  8944 | Lair:1   | Reached skill level 9 in Axes
  8948 | Lair:1   | Reached ** piety under Okawaru
  8949 | Lair:1   | Reached XP level 10. HP: 51/61 MP: 13/13
  9010 | Lair:1   | Noticed a cane toad
  9013 | Lair:1   | Noticed a boulder beetle
  9023 | Lair:1   | Killed a cane toad
  9050 | Lair:1   | Killed a boulder beetle
  9412 | Lair:1   | Found a transporter.
  9420 | Lair:1   | Noticed Thraspic's ghost (journeyman TrFi)
  9524 | Lair:1   | Noticed Fannar
  9540 | Lair:1   | Killed Fannar
  9540 | Lair:1   | Reached *** piety under Okawaru
  9541 | Lair:1   | Reached skill level 5 in Invocations
  9863 | Lair:1   | Reached skill level 10 in Axes
  9984 | Lair:1   | Reached **** piety under Okawaru
 10115 | Lair:1   | Found a transporter.
 10130 | Lair:1   | Noticed a cane toad
 10146 | Lair:1   | HP: 3/63 [cane toad (15)]
 10156 | Lair:1   | Killed a cane toad
 10987 | Lair:1   | Gained mutation: Your magical capacity is low. (-10% MP)
                  | [potion of mutation]
 10987 | Lair:1   | Gained mutation: You are strong-willed. (Will+) [potion of
                  | mutation]
 11002 | Lair:1   | Reached XP level 11. HP: 62/68 MP: 13/13
 11106 | Lair:2   | Found a staircase to the Snake Pit.
 11124 | Lair:2   | HP: 3/68 [black mamba (11)]
 11130 | Lair:2   | Mangled by a black mamba

Illustrated notes

Levels and vault maps discovered:
D:1:      elethiomel_arrival_infinity_welcomes_careful_drivers, layout_basic
D:2:      layout_rooms, serial_aquarium, aquarium_bridge_straight
          [aquarium_subvault_bridge, aquarium_subvault_wall,
          aquarium_subvault_bridge, aquarium_subvault_window],
          aquarium_bridge_long_joined [aquarium_subvault_bridge,
          aquarium_subvault_bridge, aquarium_subvault_window,
          aquarium_subvault_bridge, aquarium_subvault_bridge,
          aquarium_subvault_window], aquarium_window_2, aquarium_window_1,
          aquarium_window_corridor_1, aquarium_view_2g, aquarium_balcony_3a,
          aquarium_pool_1
D:3:      layout_loops_corners
D:4:      layout_gridville
D:5:      layout_rooms, nicolae_overflow_hidden_temple, uniq_menkaure
D:6:      layout_rooms, nemelex_spade_bored_becter,
          minmay_temple_entry_glassed_door, portal_sewer_entry_e
D:7:      layout_basic
D:8:      layout_rooms, nicolae_qazlal_scattered_showers,
          grunt_lair_entry_orc_guard_hut, grunt_decor_junction
Temple:   minmay_temple_curvy_branch
Lair:1:   layout_long_grid, enter_volcano_3, gammafunk_ghost_hive, uniq_fannar
Lair:2:   layout_regular_city, minmay_snake_entry_six_corridors, st_stairs_13,
          evilmike_ambush [evilmike_ambush_outer_basic,
          evilmike_ambush_inner_basic], serial_bayou_shore_a

Skill      XL: |  1  2  3  4  5  6  7  8  9 10 |
---------------+-------------------------------+-----
Axes           | 2 3 4 5 6 7 9 10 | 10.8
Armour         | 4 5 6 7 8 |  8.4
Fighting       | 4 5 6 7 |  7.8
Shields        | 4 5 |  5.9
Invocations    | 4 6 |  6.2
Stealth        | 2 |  2.0

Action                   |  1- 3 |  4- 6 |  7- 9 | 10-12 || total
-------------------------+-------+-------+-------+-------++-------
Melee: War axe           |    94 |   107 |   250 |   133 ||   584
  Use: Scroll            |     5 |     5 |     5 |       ||    15
       Potion            |       |       |       |     7 ||     7
Armor: Scale mail        |    50 |       |       |       ||    50
       Plate armour      |    15 |    87 |   224 |   156 ||   482
Dodge: Dodged            |    43 |    28 |    67 |    49 ||   187
Block: Buckler           |    19 |    22 |    87 |    40 ||   168

Table legend: (Time is in decaauts)
 A = Elapsed time spent in this place.
 B = Non-inter-level travel time spent in this place.
 C = Inter-level travel time spent in this place.
 D = Time resting spent in this place.
 E = Time spent auto-exploring this place.
 F = Levels seen in this place.
 G = Mean time per level.
                   A        B        C        D        E       F      G
               +--------+--------+--------+--------+--------+-----+--------+
         Total |  11276 |  11036 |    240 |   2766 |   6392 |  11 | 1025.1 |
       Dungeon |   8621 |   8394 |    227 |   1703 |   5246 |   8 | 1077.6 |
        Temple |    169 |    156 |     13 |      0 |    112 |   1 |  169.0 |
          Lair |   2485 |   2485 |      0 |   1063 |   1034 |   2 | 1242.5 |
               +--------+--------+--------+--------+--------+-----+--------+

Top non-repeatable levels by time:
  Lair:1: 2404 daAuts
     D:1: 1890 daAuts
     D:5: 1163 daAuts
     D:6: 1098 daAuts
     D:8: 1066 daAuts
     D:7: 973 daAuts
     D:3: 878 daAuts
     D:2: 792 daAuts
     D:4: 757 daAuts
  Temple: 169 daAuts
  Lair:2: 80 daAuts
